 Dungeon Crawl Stone Soup version 0.30-a0-924-g0ad0bf95bc (webtiles) character file.

Game seed: 16213347386603520490

16 lunkers the Cudgeller (level 2, 0/24 HPs)
             Began as a Meteoran Reaver on Mar 22, 2023.
             Slain by a worm (7 damage)
             ... on level 2 of the Dungeon.
             The game lasted 00:01:22 (423 turns).

lunkers the Cudgeller (Meteoran Reaver)              Turns: 423, Time: 00:01:23

Health: 0/24       AC:  5    Str: 13    XL:     2   Next: 94%
Magic:  2/6        EV: 11    Int: 14    God:
Gold:   17         SH:  0    Dex: 12    Spells: 4/6 levels left

rFire   . . .      SeeInvis .    a - +0 mace
rCold   . . .      Faith    .    (no shield)
rNeg    . . .      Spirit   .    k - +0 ring mail
rPois   .          Reflect  .    (no helmet)
rElec   .          Rampage  .    (no cloak)
rCorr   .                        (no gloves)
Will    .....                    (no boots)
Stlth   +                        (no amulet)
HPRegen 0.24/turn                c - ring of flight
MPRegen 0.10/turn                (no ring)

@: flying, glowing
A: sense surroundings 1, otherworldly, glowing, explore regen
a: no special abilities


You were on level 2 of the Dungeon.
You visited 1 branch of the dungeon, and saw 2 of its levels.

You collected 17 gold pieces.

Inventory:

Hand Weapons
 a - a +0 mace (weapon)
Armour
 b - a +0 leather armour
 k - a +0 ring mail (worn)
Jewellery
 c - a ring of flight (left hand)
Scrolls
 e - a scroll of immolation {unknown}
 f - 2 scrolls of identify {unknown}
 h - a scroll of vulnerability {unknown}
 i - a scroll of teleportation {unknown}
Potions
 d - 2 potions of attraction {unknown}
 g - a potion of magic {unknown}
 j - a potion of lignification {unknown}


   Skills:
 - Level 2.1 Fighting
 - Level 5.1 Maces & Flails
 - Level 2.4 Dodging
 + Level 2.6 Spellcasting
 * Level 3.6 Conjurations


You had 4 spell levels left.
You knew the following spells:

 Your Spells              Type           Power      Damage    Failure   Level
a - Magic Dart            Conj           48%        1d5       11%         1
p - Kiss of Death         Conj/Necr      24%        2d7       24%         1

Your spell library contained the following spells:

 Spells                   Type           Power      Damage    Failure   Level
 Searing Ray              Conj           24%        2d5       17%         2
 Momentum Strike          Conj/Tloc      12%        3d8       34%         2
 Hailstorm                Conj/Ice       6%         3d4       56%         3
 Fulminant Prism          Conj/Hex       3%         3d5       93%         4


Dungeon Overview and Level Annotations

Branches:
Dungeon (2/15) Zot: 770

Altars:


Innate Abilities, Weirdness & Mutations

You passively map a small area around you.
You are easily found by Zot.
You glow in the dark.
You regain HP and MP as you explore.


Message History

The worm closely misses you.
You hit the worm but do no damage.
The worm is moderately wounded.
The worm closely misses you.
You hit the worm.
The worm is moderately wounded.
The worm barely misses you.
You hit the worm.
The worm is moderately wounded.
You barely miss the worm.
The worm is moderately wounded.
The worm bites you.
You hit the worm.
The worm is heavily wounded.
The worm bites you.
You hit the worm but do no damage.
The worm is heavily wounded.
You hit the worm.
The worm is heavily wounded.
The worm closely misses you.
You hit the worm but do no damage.
The worm is heavily wounded.
The worm bites you!
* * * LOW HITPOINT WARNING * * *
You barely miss the worm.
The worm is heavily wounded.
You hit the worm.
The worm is severely wounded.
The worm bites you.
* * * LOW HITPOINT WARNING * * *
You barely miss the worm.
The worm is heavily wounded.
The worm bites you but does no damage.
You sock the worm!
The worm is almost dead.
Unknown command.
You hit the worm but do no damage.
The worm is almost dead.
The worm bites you!
You die...

#######.#########.# #.#
#.# #.# #.# .# #.# #.# ,
...######.#########.# ,,
........#.##......#.#* ,
* ........#.##.####.#.#
........#....# #.#.# *
.....(w@#.)..####.#.###.
, ,
,.)......................
*
#.......#...............
##)###.##....###..#.####
# #. #....# #..#.#* , ,,
, .. #....# #..... , *#..
#.#### #..####** , , #..
#.# #..# #.# #..#


You could see a worm.

Vanquished Creatures
  A dart slug (D:1)
  2 ball pythons (D:1)
  A bat (D:1)
  A giant cockroach (D:1)
  2 goblins (D:2)
  A hobgoblin (D:1)
  3 kobolds
  A rat (D:2)
12 creatures vanquished.

Notes
Turn   | Place    | Note
-------+----------+-------------------------------------------
     0 | D:1      | lunkers the Meteoran Reaver began the quest for the Orb.
     0 | D:1      | Reached XP level 1. HP: 17/17 MP: 5/5
    11 | D:1      | You are sucked into a shaft and drop 1 floor!
   150 | D:1      | Reached XP level 2. HP: 17/22 MP: 6/6
   241 | D:1      | Reached skill level 5 in Maces & Flails
   373 | D:2      | Learned a level 1 spell: Magic Dart
   423 | D:2      | Slain by a worm

Illustrated notes

Levels and vault maps discovered:
D:1:      dpeg_arrival_arbitrary_b, layout_basic, minmay_nonomino_d4
D:2:      layout_basic

Skill      XL: |  1  2 |
---------------+-------+-----
Maces & Flails | 5 |  5.1
Fighting       | |  2.1
Dodging        | |  2.4
Spellcasting   | |  2.6
Conjurations   | |  3.6

Action                     || total
---------------------------++-------
  Melee: Mace              ||    38
   Cast: Kiss of Death     ||     1
         Magic Dart        ||     6
 Armour: Leather armour    ||     9
         Ring mail         ||     1
  Dodge: Dodged            ||    19

Table legend: (Time is in decaauts)
 A = Elapsed time spent in this place.
 B = Non-inter-level travel time spent in this place.
 C = Inter-level travel time spent in this place.
 D = Time resting spent in this place.
 E = Time spent auto-exploring this place.
 F = Levels seen in this place.
 G = Mean time per level.
                   A        B        C        D        E       F      G
               +--------+--------+--------+--------+--------+-----+--------+
         Total |    428 |    421 |      7 |      0 |    284 |   2 |  214.0 |
       Dungeon |    428 |    421 |      7 |      0 |    284 |   2 |  214.0 |
               +--------+--------+--------+--------+--------+-----+--------+

Top non-repeatable levels by time:
     D:2: 236 daAuts
     D:1: 191 daAuts
